[Event "GER-ch Youth-U18 2022"]
[Site "Willingen"]
[Date "2022.06.05"]
[Round "1.1"]
[White "Koelle, Tobias"]
[Black "Jeschke, Jan"]
[Result "*"]
[ECO "A52"]
[WhiteElo "2431"]
[BlackElo "2130"]
[Annotator "TA"]
[PlyCount "48"]
[EventDate "2022.06.05"]
[EventType "swiss"]
[EventRounds "9"]
[EventCountry "GER"]
[SourceTitle "playchess.com"]
[Source "ChessBase"]
[SourceQuality "1"]
[TimeControl "40/4500+30:900+30"]

1. d4 Nf6 2. c4 e5 3. dxe5 Ng4 4. Bf4 Nc6 5. Nf3 Bb4+ 6. Nbd2 Qe7 7. a3 Ngxe5 8. Nxe5 Nxe5 9. e3 Bxd2+ 10. Qxd2 d6 11. Be2 O-O 12. O-O a5 13. b3 {[%emt 0:00:00] A52: Budapest Gambit.} b6 14. e4 Bb7 15. f3 {[%emt 0:00:00] [#] White has an edge.} Ng6 $146 ({Predecessor:} 15... Qe6 16. Rfe1 f5 17. exf5 Qxf5 18. Bg3 Rfe8 19. Bf1 Qf6 20. Rad1 Re6 21. Re3 h5 {½-½ (54) Van Oosterom,J (2655)-Gottardi,G (2620) ICCF corr 1996}) 16. Bg3 Qf6 17. Rae1 Rfe8 18. Kh1 h5 19. h3 h4 20. Bh2 Nf8 21. Bd3 Ne6 22. e5 dxe5 23. Bxe5 Qd8 {[%emt 0:00:26] [#] ...Nc5 is the strong threat.} 24. Rd1 {[%emt 0:15:18] 0x0.000bd5152febdp-1022s more active pieces.} c5 {[%emt 0:14:45] Weighted Error Value: White=0.06 (flawless) /Black=0.07 (flawless)} *

[Event "GER-ch Youth-U18 2022"]
[Site "Willingen"]
[Date "2022.06.05"]
[Round "1.2"]
[White "von Mettenheim, Johannes"]
[Black "Dahl, Christoph"]
[Result "*"]
[WhiteElo "2176"]
[BlackElo "2368"]
[Annotator "TA"]
[PlyCount "44"]
[EventDate "2022.06.05"]
[EventType "swiss"]
[EventRounds "9"]
[EventCountry "GER"]
[SourceTitle "playchess.com"]
[Source "ChessBase"]
[SourceQuality "1"]
[TimeControl "40/4500+30:900+30"]

1. d4 Nf6 2. c4 e6 3. g3 c5 4. d5 exd5 5. cxd5 b5 6. a4 {[%emt 0:00:00] A60: Modern Benoni: Early Divergences.} b4 7. Bg2 d6 8. Nd2 {[%emt 0:07:09] The position is equal.} g6 9. Nc4 Ba6 10. Qb3 Bg7 11. Qe3+ Kd7 {[%emt 0:04:02] [#]} (11... Kf8 $11 12. Qf4 Ne8) 12. Qf4 {[%emt 0:01:58] [#] White is more active.} (12. Nxd6 $1 $14 Kxd6 13. Qf4+ Kd7 14. Be3) 12... Bxc4 $146 (12... Kc7 $15) ({Predecessor:} 12... Qe7 13. Na5 Re8 14. Qf3 Kc7 15. Be3 Ne4 16. Rb1 f5 17. g4 fxg4 18. Qxg4 Bc8 19. Qxe4 Qxe4 20. Bxe4 Rxe4 {½-½ (46) Bareket,T (1883)-Hereford,L (1823) Chess.com INT 2020}) 13. Qxc4 $11 Qb6 (13... Re8 $11) 14. e4 ({Better is} 14. Nf3 $14) 14... Re8 {[%emt 0:03:11][%cal Of6e4] aiming for ...Nxe4!} 15. Ne2 Qa6 16. Qc2 b3 (16... Kd8 $1 $11 {remains equal.}) 17. Qxb3 $16 Nxe4 18. O-O $1 Kc7 (18... Re7 $142 19. Re1 Qb6) 19. Qf3 $2 (19. Qc2 $18) 19... Nd7 $1 $14 20. Qxf7 (20. Re1 $1 $14) 20... Bf6 $1 $11 21. Qxh7 $2 Qxe2 $19 ({But not} 21... Re7 $2 22. Qxe7 Bxe7 23. Nf4 $19) 22. Bf4 Nd2 {[%emt 0:21:11] Weighted Error Value: White=0.72/Black=0.25 (precise)} (22... Bd4 $142 23. Qxg6 Bxf2+ 24. Kh1 {[#]} Rh8 $1) *

[Event "GER-ch Youth-U18 2022"]
[Site "Willingen"]
[Date "2022.06.05"]
[Round "1.3"]
[White "Colbow, Collin"]
[Black "Leonard, Timo"]
[Result "*"]
[ECO "A06"]
[WhiteElo "2360"]
[BlackElo "2018"]
[Annotator "TA"]
[PlyCount "90"]
[EventDate "2022.06.05"]
[EventType "swiss"]
[EventRounds "9"]
[EventCountry "GER"]
[SourceTitle "playchess.com"]
[Source "ChessBase"]
[SourceQuality "1"]
[TimeControl "40/4500+30:900+30"]

1. Nf3 d5 2. b3 Nf6 3. Bb2 Bf5 4. Nh4 e6 5. Nxf5 exf5 {[%emt 0:00:00] [#]} 6. e3 $146 {[%emt 0:01:41] A06: Réti Opening: 1 Nf3 d5.} ({Predecessor:} 6. g3 Be7 7. Bh3 Qd7 8. c4 d4 9. e3 Nc6 10. O-O Rd8 11. Na3 O-O 12. Nb5 {1-0 (42) Smith,A (2234)-May,F (2174) Port Erin 2001}) 6... Nbd7 7. Qf3 (7. c4 $14) 7... g6 $1 $11 8. c4 Bg7 9. cxd5 O-O 10. d4 Ne4 {[%emt 0:15:28] Threatens to win with ...c5.} 11. Bc4 c6 (11... Ndf6 $11) 12. dxc6 $14 Qa5+ 13. Kf1 bxc6 14. Qe2 (14. g4 $14) 14... Rfe8 15. g3 c5 16. Kg2 cxd4 17. Rd1 Ne5 {[%emt 0:08:18] Pair of Knights!} 18. Bxd4 Nxc4 (18... Ng4 $1 $15 19. Bxg7 Kxg7 20. Qb2+ Kh6) 19. bxc4 $11 Rad8 20. Qc2 (20. Nd2 $11) 20... Bxd4 ({Better is} 20... f4 $1 $17 21. Nd2 (21. f3 $2 fxe3 22. Bxg7 e2 $19) 21... fxe3 $1) 21. exd4 f4 22. Nd2 Qf5 {[%emt 0:00:56] [#]} (22... Rxd4 $11 23. Nf3 Rxd1 24. Rxd1 fxg3 25. hxg3 Qc7) 23. Nf3 ({White should try} 23. d5 $1 $16) 23... fxg3 24. hxg3 Nxg3 25. Qxf5 Nxf5 26. Rd2 {[%emt 0:01:04] Inhibits Re2.} (26. Rac1 $5 ) 26... Re4 {[%emt 0:00:04] The position is equal.} 27. Rad1 Rg4+ 28. Kf1 Rf4 29. Rd3 g5 30. Nxg5 Rfxd4 (30... Rdxd4 {is interesting.} 31. Rxd4 Nxd4 32. Rd3 h6) 31. Rxd4 Rxd4 32. Rxd4 Nxd4 {[%emt 0:00:04][%mdl 4096] Endgame KN-KN} 33. f4 Ne6 34. Nxe6 fxe6 {[%emt 0:00:04] K3P-K3P} 35. Kf2 Kf7 {[%emt 0:00:13][%cal Oe6e5] Strongly threatening ...e5!} 36. Kf3 Ke7 37. Kg4 Kd6 38. Kg5 Kc5 39. Kf6 h5 {[%emt 0:01:11] And now ...h4 would win.} 40. Kxe6 {[%emt 0:00:15] K3P-KPP} h4 {[%emt 0:00:05] Hoping for ...h3.} 41. f5 {[%emt 0:15:03] Black must now prevent f6.} h3 {[%emt 0:15:16] aiming for ...h2.} 42. f6 {[%emt 0:00:04] f7 is the strong threat.} h2 43. f7 h1=Q 44. f8=Q+ Kxc4 45. Qc8+ Kb5 {[%emt 0:01:33] Weighted Error Value: White=0.18 (very precise) /Black=0.13 (very precise)} *

[Event "GER-ch Youth-U18 2022"]
[Site "Willingen"]
[Date "2022.06.05"]
[Round "1.4"]
[White "Weidemann, Jakob"]
[Black "Weishaeutel, Moritz"]
[Result "1/2-1/2"]
[ECO "C55"]
[WhiteElo "2047"]
[BlackElo "2406"]
[Annotator "TA"]
[PlyCount "54"]
[EventDate "2022.06.05"]
[EventType "swiss"]
[EventRounds "9"]
[EventCountry "GER"]
[SourceTitle "playchess.com"]
[Source "ChessBase"]
[SourceQuality "1"]
[TimeControl "40/4500+30:900+30"]

1. e4 e5 2. Nf3 Nc6 3. Bc4 Nf6 4. d3 h6 5. O-O d6 6. c3 g5 $1 {[%emt 0:00:00][%cal Bg7g5,Bg5g4][%mdl 4] outshines the older 6...g6. C55: Two Knights: 4 d3, 4 d4 exd4 5 e5 and Max Lange Attack.} 7. Re1 Bg7 8. a4 g4 {[%emt 0:00:00] White has an edge.} 9. Nfd2 h5 {[%emt 0:00:00] [#]} 10. Na3 $146 ({Predecessor:} 10. Nf1 h4 11. Ne3 Bh6 12. b4 g3 13. fxg3 hxg3 14. h3 Bxh3 15. gxh3 Bxe3+ 16. Rxe3 Rxh3 {1-0 (49) Petrosian,T (2612)-Dilanyan,G (2294) Jermuk 2019}) 10... h4 11. Nf1 Nh5 12. Nc2 g3 13. fxg3 hxg3 14. Nxg3 Nxg3 (14... Qh4 $1 $11) 15. Qf3 $16 {[%emt 0:00:31][%csl Gc4][%cal Rf3f7] [#]} Nf5 16. exf5 Qh4 17. h3 Ne7 18. f6 (18. Rf1 $16 {Strongly threatening f6.} f6 19. Ne3) 18... Qxf6 $14 19. Qxf6 Bxf6 20. Rf1 Ng8 21. g4 (21. a5 $14) 21... Rxh3 {[%emt 0:07:27] The position is equal.} 22. g5 $36 {[%emt 0:00:30][%mdl 2048] White has good play.} Bxg5 {[%emt 0:00:56] [#] Hoping for ...Rg3+.} 23. Bxf7+ ({Of course not} 23. Bxg5 Rg3+ 24. Kh2 Rxg5 25. Rxf7 Bd7 $17) 23... Kd7 $1 24. Bxg8 {[%emt 0:07:58] Active counter play!} Bxc1 25. Rf7+ Kd8 26. Rf8+ Ke7 27. Rf7+ Kd8 {[%emt 0:03:59] Weighted Error Value: White=0.14 (very precise) /Black=0.11 (very precise)} 1/2-1/2

[Event "GER-ch Youth-U18 2022"]
[Site "Willingen"]
[Date "2022.06.05"]
[Round "1.5"]
[White "Fromm, Marius"]
[Black "Hassemeier, Mika"]
[Result "*"]
[ECO "B67"]
[WhiteElo "2317"]
[BlackElo "2127"]
[Annotator "TA"]
[PlyCount "89"]
[EventDate "2022.06.05"]
[EventType "swiss"]
[EventRounds "9"]
[EventCountry "GER"]
[SourceTitle "playchess.com"]
[Source "ChessBase"]
[SourceQuality "1"]
[TimeControl "40/4500+30:900+30"]

1. e4 c5 2. Nf3 d6 3. d4 cxd4 4. Nxd4 Nf6 5. Nc3 Nc6 6. Bg5 e6 7. Qd2 a6 8. O-O-O Bd7 9. f4 b5 10. Bxf6 gxf6 11. Kb1 Qb6 12. Nxc6 Bxc6 13. f5 b4 {[%emt 0:00:00] B67: Sicilian: Richter-Rauzer: 7...a6 8 0-0-0 Bd7, lines without 9 f4 Be7.} 14. Ne2 e5 15. Ng3 Qc5 {[%emt 0:02:20] Against Bc4. White is slightly better.} 16. Nh5 Be7 17. Bd3 O-O-O 18. Qe2 d5 19. exd5 Bxd5 20. Ng3 Kc7 21. Ne4 {[%emt 0:02:43] [#]} Bxe4 $146 ({Predecessor:} 21... Qb6 22. Nd2 a5 23. Be4 a4 24. Bxd5 Rxd5 25. Nc4 Qc5 26. Rxd5 Qxd5 27. Rd1 Qb5 {½-½ (38) Pietrocola,R (2193)-Lupo,A (2320) ICCF email 2020}) 22. Bxe4 Rxd1+ $1 23. Rxd1 Rd8 24. Rc1 {[%emt 0:00:20] Threatens to win with c3.} Bf8 ({Black should play} 24... Kb6 $14) 25. Qxa6 $16 Qb6 {[%emt 0:09:30] Prevents Qb7+.} (25... Rd7 $16 26. c4 (26. c3 Bh6 $11) 26... Bh6) 26. Qc4+ $18 Kb8 27. Qxf7 $40 {[%emt 0:00:41][%mdl 128] White goes for the king.} Bh6 28. Re1 Rd4 29. Qg8+ (29. Qxh7 {[#]} Rxe4 $1 30. Rd1 (30. Qg8+ Ka7 $15) 30... Bd2 $1 $15) 29... Qd8 30. Qg4 Bd2 31. Rf1 ({Don't blunder} 31. Qg7 $2 Rd7 32. Qg4 (32. Qg3 $2 Bxe1 33. Qd3 Rxd3 $19) 32... Bxe1 $19) (31. Qe2 $18 {Qb5+ would kill now.} Qd7 32. Rh1) 31... Bc3 $2 {[%emt 0:08:15][%mdl 8192] Black cannot hold the game after this.} 32. Qe2 $2 (32. bxc3 bxc3 33. Ka1) 32... Qb6 33. Bd3 Qc5 $2 (33... Rd6 {is tougher.} 34. Qh5 (34. bxc3 bxc3+ 35. Bb5 Rd5 $18) 34... e4) 34. bxc3 bxc3 {[%emt 0:01:41] ( -> ...Qb4+)} 35. Ka1 e4 (35... Rb4 $142 36. Rd1 Ka7) 36. Bxe4 {[%emt 0:07:31][%cal Bd3e4,Be4d5,Bd5e6][%mdl 32] Intending Bf3 and mate.} Rb4 37. Rd1 (37. Bf3 $142 Qb5 38. Qxb5+ Rxb5 39. Rb1 Rxb1+ 40. Kxb1 Kc7 41. a4 h5 42. Bxh5) 37... Rb2 38. Bd5 {[%emt 0:00:14] White mates.} Qb4 39. Qe8+ Kc7 40. Qc6+ Kb8 41. Qa8+ Kc7 42. Qa7+ Kd6 43. Be6+ Ke5 44. Qe3+ Qe4 45. Rd5# {[%emt 0:00:15] Weighted Error Value: White=0.33/Black=0.72} *

[Event "GER-ch Youth-U18 2022"]
[Site "Willingen"]
[Date "2022.06.05"]
[Round "1.6"]
[White "Muller, Magnus"]
[Black "Boder, Jan"]
[Result "*"]
[ECO "C55"]
[WhiteElo "1464"]
[BlackElo "2334"]
[Annotator "TA"]
[PlyCount "94"]
[EventDate "2022.06.05"]
[EventType "swiss"]
[EventRounds "9"]
[EventCountry "GER"]
[SourceTitle "playchess.com"]
[Source "ChessBase"]
[SourceQuality "1"]
[TimeControl "40/4500+30:900+30"]

1. e4 e5 2. Nf3 Nc6 3. Bc4 Nf6 4. d4 exd4 5. e5 d5 6. Bb5 Ne4 7. Nxd4 Bd7 8. Bxc6 bxc6 9. O-O Bc5 10. f3 Ng5 11. Be3 Ne6 {[%emt 0:20:42] C56: Two Knights: 4 d4 exd4 5 0-0 Nxe4.} 12. f4 f6 {[%emt 0:07:23] [#]} (12... Qe7 $11) 13. Nc3 $146 (13. c3 $14 O-O 14. f5 fxe5 15. fxe6 Bxe6 16. Nc2 (16. Nxe6 Bxe3+ 17. Kh1 Rxf1+ 18. Qxf1 Qd6 $15)) ({Predecessor:} 13. f5 Nxd4 14. Bxd4 Bxd4+ 15. Qxd4 fxe5 16. Qxe5+ Qe7 17. Qxc7 O-O 18. Nc3 Qc5+ 19. Kh1 Bxf5 {1-0 (29) Voigt,M (2235)-Houser,P Prague 1990}) 13... O-O $11 {[%emt 0:07:11] The position is equal.} 14. Na4 {[%emt 0:05:38] Pair of Knights!} fxe5 15. Nxc5 Nxc5 {[%emt 0:00:50] [#]} 16. Nxc6 Bxc6 17. Bxc5 Rxf4 18. Rxf4 exf4 19. Qd4 f3 (19... Qg5 {with more complications.} 20. Rf1 f3 21. Rxf3 Qc1+) 20. gxf3 (20. Qe3 {looks sharper.} Qf6 21. Bd4 Qh4 22. Rd1) 20... Qe8 {[%emt 0:01:59] Against Re1} 21. Bb4 Qf7 22. Re1 Re8 {[%emt 0:01:31] Inhibits Re7.} 23. Qxa7 Qg6+ 24. Kh1 d4 25. Rxe8+ Qxe8 26. Qxd4 Bxf3+ {[%emt 0:04:51][%mdl 4096] Endgame KQB-KQB} 27. Kg1 Qg6+ 28. Kf2 {[%emt 0:00:05] Qd8+ would kill now.} Qg2+ 29. Ke3 {[%emt 0:00:05] aiming for Qd8+.} Bd5 (29... Qe2+ $1 $11 30. Kf4 Bh5) 30. Qf4 (30. c4 $16 Qh3+ 31. Kd2 Qxh2+ 32. Kd3 Qg3+ 33. Kc2) 30... Qg1+ {[%emt 0:01:54] [#]} (30... Bf7 $11) 31. Qf2 ({Better is} 31. Kd2 $1 $16 Bf7 32. b3) 31... Qg5+ (31... Qxf2+ $1 $11 32. Kxf2 Bxa2) 32. Qf4 (32. Kd4 $16 h6 33. b3) 32... Qd8 (32... Qg1+ $11 {keeps the balance.} 33. Kd2 (33. Qf2 Qxf2+ 34. Kxf2 Bxa2 $14) 33... Qg2+ 34. Kc3 h6) 33. b3 Qe8+ (33... Bf7 $16) 34. Kd2 $18 c6 (34... Qf7 $142 35. Qd4 Qf5) 35. Kc1 h6 36. Kb2 Qe2 37. Qd2 Qxd2 (37... Bf3 $142 38. Qc3 Be4) 38. Bxd2 {[%emt 0:00:04] KB-KB} Kf7 39. Kc3 Ke6 40. Kd4 Kd7 41. Bf4 (41. c4 $142 Bf3 42. b4) 41... Kc8 $2 (41... g5) 42. a4 Kb7 {[%emt 0:00:06] [#]} 43. c4 ({White should play} 43. b4 $1 $18) 43... Bf3 $16 {[%emt 0:00:51] White is better.} 44. b4 {[%emt 0:00:08] And now Kc5 would win.} Bd1 45. a5 {[%emt 0:01:13] b5 is the strong threat.} Ka6 {[%emt 0:00:12] Against b5+} 46. Kc5 Be2 47. Bd6 h5 {[%emt 0:00:07] Weighted Error Value: White=0.32/Black=0.45} *

[Event "GER-ch Youth-U18 2022"]
[Site "Willingen"]
[Date "2022.06.05"]
[Round "1.7"]
[White "Pubantz, Jan"]
[Black "Mankel, Luca"]
[Result "*"]
[ECO "D31"]
[WhiteElo "2265"]
[BlackElo "2010"]
[Annotator "TA"]
[PlyCount "87"]
[EventDate "2022.06.05"]
[EventType "swiss"]
[EventRounds "9"]
[EventCountry "GER"]
[SourceTitle "playchess.com"]
[Source "ChessBase"]
[SourceQuality "1"]
[TimeControl "40/4500+30:900+30"]

1. d4 d5 2. c4 e6 3. Nc3 c6 4. e4 dxe4 5. Nxe4 Bb4+ 6. Bd2 Qxd4 7. Bxb4 Qxe4+ 8. Ne2 Nd7 9. Qd6 {[%emt 0:00:00] D31: Queen's Gambit Declined: Semi-Slav without ...Nf6 (+ Marshall Gambit and Noteboom) and Exchange Variation lines without ...Nf6.} Qe5 {[%emt 0:03:48] is now more promising than 9...a5.} 10. Qd2 {[%emt 0:00:00] Strongly threatening Bc3.} Ngf6 {[%emt 0:26:46] [#]} 11. f3 $146 {[%emt 0:00:00][%mdl 1024] Inhibits Ne4. White has compensation.} ({Predecessor:} 11. O-O-O c5 12. Bc3 Ne4 13. Bxe5 Nxd2 14. Bxg7 Rg8 15. Rxd2 Rxg7 16. g3 Ne5 17. b3 Nf3 18. Rd3 Ne5 19. Rd2 Nf3 20. Rd3 Ne5 21. Rd2 {½-½ (21) Giri,A (2773)-Carlsen,M (2864) Oslo 2022}) 11... c5 12. Bc3 Qc7 13. O-O-O O-O 14. g4 e5 (14... b5 $11) 15. Ng3 $14 {[%emt 0:09:03] Nf5 is the strong threat.} Nb8 16. g5 Ne8 17. Bd3 Nc6 18. h4 ({White should play} 18. Qe3 $14) 18... Be6 (18... f5 $15 {is superior.}) 19. Ne4 Rd8 (19... Nd4 20. Nf6+ Kh8 21. Nxh7 $18) 20. Qe3 b6 21. Nf6+ gxf6 22. gxf6 {[%emt 0:00:28] Intending Rhg1+ and mate.} Rxd3 $1 23. Rxd3 {[%emt 0:01:59] Really sharp!} Kh8 (23... Bxc4 $2 24. Rg1+ Kh8 25. Qh6 $18) 24. Rg1 $1 Nd4 $1 (24... Bxc4 25. Qh6 Rg8 26. Rxg8+ Kxg8 27. Rd1 $18) 25. Rd2 {[%emt 0:03:05] Hoping for Qh6.} Qd6 $2 (25... Bxc4 $2 26. Qh6 Qd6 27. Rg7 $1 Nxf6 28. Rxh7+ $3 Nxh7 29. Qxd6 $18) (25... Nf5 $1 $11 {and Black is okay.} 26. Qxe5 Qxe5 27. Bxe5 Bxc4) 26. Rdg2 $4 {[%emt 0:01:02][%mdl 8192] [#]} (26. Bxd4 $18 cxd4 27. Qh6) 26... Nf5 $2 (26... Bh3 $1 $19 27. Rd2 Qe6) 27. Qxe5 (27. Qe4 $11 {remains equal.}) 27... Qxe5 $17 28. Bxe5 Nxh4 {[%emt 0:00:42][%cal Bf5h4,Bh4g6,Bg6f8][%mdl 32] Pair of Knights!} 29. Rg3 (29. Rf2 $17 {is a better defense.} Ng6 30. f4) 29... Ng6 $19 (29... Bxc4 30. Rh3 Ng6 31. Rgh1 $11) 30. Bc3 (30. f4 $142) 30... Bxc4 {[%emt 0:01:06] Threatens to win with ...Nf4.} 31. Rh1 Rg8 $2 (31... Bxa2 32. Rgh3 $16) (31... Nf4 $19 {White must now prevent ...Ne2+.} 32. Kd2 Be6) 32. Rgh3 $2 (32. Rxh7+ $1 $11 {and White stays safe.} Kxh7 33. Rh3+ Nh4 34. Rxh4+ Kg6 35. Rg4+ Kh7 36. Rh4+ Kg6 37. Rg4+ Kh7 38. Rh4+) 32... Nf8 33. R3h2 Bxa2 34. b4 Bd5 35. bxc5 bxc5 (35... Bxf3 36. Re1 Bc6 37. Re7 Rg1+ 38. Kb2 bxc5 39. Rxf7 $17) 36. Re1 Nd6 (36... Nc7 $19 {aiming for ...Nce6.} 37. Re5 Bxf3) 37. Rd1 Nb5 $1 ({Don't play} 37... Rg5 38. f4 Nb5 39. fxg5 Nxc3 40. Rdd2 $14 (40. Rd3 Na2+ 41. Kb2 Nb4 $11)) 38. Rxd5 Nxc3 39. Rxc5 Rg1+ 40. Kc2 {[%emt 0:00:46] The position is equal.} Na4 41. Rc8 Rg8 42. Rc7 $1 Nb6 {[%emt 0:00:00] Threatening ...Nfd7.} 43. Rxf7 Nbd7 44. Rh5 {[%emt 0:07:49] White happily takes the draw.  Weighted Error Value: White=0.46/Black=0.37} *

[Event "GER-ch Youth-U18 2022"]
[Site "Willingen"]
[Date "2022.06.05"]
[Round "1.8"]
[White "Zackrisson, Peter"]
[Black "Dobrikov, Marco"]
[Result "*"]
[ECO "E67"]
[WhiteElo "2015"]
[BlackElo "2234"]
[Annotator "TA"]
[PlyCount "106"]
[EventDate "2022.06.05"]
[EventType "swiss"]
[EventRounds "9"]
[EventCountry "GER"]
[SourceTitle "playchess.com"]
[Source "ChessBase"]
[SourceQuality "1"]
[TimeControl "40/4500+30:900+30"]

1. d4 Nf6 2. c4 g6 3. g3 Bg7 4. Bg2 O-O 5. Nc3 d6 6. Nf3 Nbd7 7. O-O c6 8. e4 e5 9. Re1 Re8 10. h3 a6 11. dxe5 {[%emt 0:06:08] E69: King's Indian: Fianchetto: 6...Nbd7 7 0-0 e5 8 e4 c6 9 h3.} dxe5 12. Be3 b5 {[%emt 0:06:34] [#]} 13. c5 $146 {[%emt 0:11:48] White is slightly better.} ({Predecessor:} 13. Qc2 Qe7 14. Red1 Bb7 15. a3 Rec8 16. Nd2 h5 17. Rac1 Qf8 18. Nf3 Qe7 19. Qe2 Nc5 {½-½ (61) Suba,M (2529)-Matamoros Franco,C (2540) Campillos 2007}) 13... a5 14. Qc2 Qc7 15. a4 b4 16. Nb1 (16. Na2 {feels stronger.}) 16... b3 $1 $11 17. Qxb3 Nxe4 18. Qc2 Nef6 (18... f5 {is more complex.} 19. Nfd2 Nxd2 20. Nxd2 e4) 19. Nbd2 Nd5 20. Nc4 Ba6 {[%emt 0:06:12] Hoping for ...Bxc4.} ({But not} 20... Nxe3 21. Rxe3 Ba6 22. Nd6 $14) 21. Nd6 Rf8 (21... Re7 $15) 22. Bd2 Rab8 23. Rab1 Nb4 (23... f5 $5 24. Ng5 e4 $15) 24. Bxb4 Rxb4 25. Re4 Qb8 26. Nd2 Kh8 27. Qc3 Rxe4 (27... f5 $11 28. Rxb4 axb4) 28. Bxe4 $14 ({Much worse is} 28. N2xe4 f5 29. Ng5 e4 $11) 28... Qc7 29. Nb3 {[%emt 0:00:39] White is much more active. Pair of Knights!} f5 30. Bg2 (30. Bc2 $11) 30... e4 $15 31. Qxa5 Qxa5 32. Nxa5 Nxc5 (32... Bd3 $5 33. Ra1 Bxb2 $17) 33. b4 (33. Nxc6 $11 {keeps the balance.} Bd3 34. Rc1) 33... Nxa4 $17 34. Nxc6 Nc3 (34... Bd3 $1 $17 35. Rb3 Bc2) 35. b5 Nxb1 36. bxa6 Ra8 $1 37. a7 {[%emt 0:00:54][%cal Od6c8] [#]} Bf8 $1 38. Nb5 {[%emt 0:00:14] [#]} Bc5 $1 39. Nc7 Rxa7 40. Nxa7 Bxa7 {[%emt 0:00:00][%mdl 4096] Endgame KBN-KBN} 41. Nb5 Bc5 42. Kf1 Kg7 43. f3 e3 ({Black should play} 43... Nd2+ $17 44. Ke2 exf3+ 45. Bxf3 Nxf3 46. Kxf3 Kf6) 44. f4 {[%emt 0:00:00] The position is equal.} Nd2+ 45. Ke2 Nb3 {[%emt 0:00:00] ( -> ...Nc1+)} 46. Nc3 Bd4 47. Na2 h5 48. Bd5 Nc5 49. Nb4 Na4 50. Bf3 Ba7 51. Nc2 Nc5 52. Nxe3 Ne6 {[%emt 0:00:00] Strongly threatening ...Nd4+.} 53. Bd5 Kf6 {[%emt 0:00:00] Weighted Error Value: White=0.15 (very precise) /Black=0.14 (very precise)} *

[Event "GER-ch Youth-U18 2022"]
[Site "Willingen"]
[Date "2022.06.05"]
[Round "1.9"]
[White "Hinrichs, Paul"]
[Black "Kallweit, Paul"]
[Result "*"]
[ECO "D47"]
[WhiteElo "2244"]
[BlackElo "1863"]
[Annotator "TA"]
[PlyCount "32"]
[EventDate "2022.06.05"]
[EventType "swiss"]
[EventRounds "9"]
[EventCountry "GER"]
[SourceTitle "playchess.com"]
[Source "ChessBase"]
[SourceQuality "1"]
[TimeControl "40/4500+30:900+30"]

1. d4 d5 2. c4 c6 3. e3 Nf6 4. Nf3 Nbd7 5. Nc3 e6 6. Bd3 dxc4 7. Bxc4 b5 8. Bd3 Bb7 9. e4 b4 $1 10. e5 {[%emt 0:18:13] D47: Semi-Slav: Meran System.} (10. Na4 $11) 10... bxc3 $15 11. exf6 cxb2 12. fxg7 {[%emt 0:02:15] [#]} (12. Bxb2 $15 Bb4+ 13. Nd2) 12... Bxg7 (12... bxa1=Q $1 $17 13. gxh8=Q Qa5+ 14. Bd2 Qxd1+ 15. Kxd1 Qxa2 16. Qxh7 Nf6) 13. Bxb2 $11 Qa5+ 14. Nd2 c5 ({Black should play} 14... Ba6 $11 15. Bxa6 Qxa6) 15. O-O $14 {[%emt 0:07:11] [#]} Bxd4 $146 {[%emt 0:09:29] [#]} ({Much weaker is} 15... cxd4 16. Rb1 Rg8 17. Bxh7 $11) ({Predecessor:} 15... cxd4 16. Be4 Bxe4 17. Nxe4 Qd5 18. Ba3 Qxe4 19. Qa4 Bf8 20. Rfe1 Qd5 21. Rad1 e5 22. Rxd4 Qxd4 23. Qxd4 Bxa3 24. Rxe5+ Nxe5 25. Qxe5+ {½-½ (28) Hrubant,I (2216)-Cernousek,L (2183) Czech Republic 1999}) 16. Nc4 (16. Nb3 $1 $16 Qb4 17. Nxd4) 16... Qc7 {[%emt 0:00:45] Weighted Error Value: White=0.38/Black=0.37} *

[Event "GER-ch Youth-U18 2022"]
[Site "Willingen"]
[Date "2022.06.05"]
[Round "1.10"]
[White "Dietlmeier, Tobias"]
[Black "Musiolik, David"]
[Result "0-1"]
[ECO "D31"]
[WhiteElo "1886"]
[BlackElo "2220"]
[Annotator "TA"]
[PlyCount "64"]
[EventDate "2022.06.05"]
[EventType "swiss"]
[EventRounds "9"]
[EventCountry "GER"]
[SourceTitle "playchess.com"]
[Source "ChessBase"]
[SourceQuality "1"]
[TimeControl "40/4500+30:900+30"]

1. d4 d5 2. c4 e6 3. Nc3 a6 4. cxd5 exd5 5. Nf3 c6 6. Bf4 {[%emt 0:00:00] D31: Queen's Gambit Declined: Semi-Slav without ...Nf6 (+ Marshall Gambit and Noteboom) and Exchange Variation lines without ...Nf6.} Nf6 7. e3 Bf5 {[%emt 0:03:44] [#]} 8. Bd3 $146 {[%emt 0:14:40] White has an edge.} ({Predecessor:} 8. Qb3 Ra7 9. Be2 Nbd7 10. h3 Qb6 11. Nd2 Be7 12. O-O O-O 13. Rac1 h6 14. Rfd1 {1-0 (70) Petrosyan,M (2613)-Savchenko,B (2577) Moscow 2019}) 8... Bxd3 9. Qxd3 Be7 10. h3 O-O 11. O-O Nbd7 12. Rab1 Re8 13. b4 b5 14. Rfc1 a5 15. Ne2 Qb6 16. bxa5 (16. Ne5 {feels hotter.} Rec8 17. bxa5 Rxa5 18. Rc2) 16... Rxa5 17. Qc2 (17. Rc2 $11 {should be considered.}) 17... Ba3 $15 18. Rd1 Rc8 19. Ne5 Qa6 20. Qf5 g6 21. Qd3 Bf8 22. Nc1 Nb6 23. Bg5 (23. Qe2 $142) 23... Ne4 $17 24. Bh4 b4 25. Qxa6 (25. Nb3 $17 Qxd3 26. Nxd3) 25... Rxa6 $19 26. Rb2 ({Reject} 26. Ncd3 Nc3 27. Rf1 Nc4) 26... f6 27. Ned3 Nc4 28. Rb1 {[%emt 0:00:47] [#]} (28. Rb3) 28... g5 {[%emt 0:00:42] Black is clearly winning.} 29. Bg3 Nc3 30. Nb3 Nxd1 31. Rxd1 Rxa2 {[%emt 0:00:13] aiming for ...Rca8.} 32. Rb1 Rca8 {[%emt 0:01:28] Weighted Error Value: White=0.35/Black=0.09 (flawless)} 0-1